 Dungeon Crawl Stone Soup version 0.21-a0-450-gd87a9b2 (webtiles) character file.

651 Gorice the Slasher (level 7, -2/50 HPs)
             Began as a Demonspawn Wanderer on Nov 18, 2017.
             Was a Follower of Qazlal.
             Killed from afar by Sigmund (19 damage)
             ... with a wand of lightning (?/15)
             ... on level 4 of the Dungeon.
             The game lasted 00:12:29 (4689 turns).

Gorice the Slasher (Demonspawn Wanderer)            Turns: 4689, Time: 00:12:30

Health: -2/50      AC: 13    Str: 14    XL:     7   Next: 28%
Magic:  7/7        EV:  6    Int: 15    God:    Qazlal [*.....]
Gold:   141        SH:  1    Dex: 11    Spells: 6/6 levels left

rFire    . . .     SeeInvis .   a - +2 falchion
rCold    + + .     Gourm    .   (no shield)
rNeg     . . .     Faith    .   k - +0 chain mail
rPois    .         Spirit   .   (no helmet)
rElec    .         Reflect  .   (no cloak)
rCorr    .         Harm     .   (no gloves)
MR       .....                  l - +0 pair of boots
Stlth    ..........             (no amulet)
HPRegen  0.16/turn              h - ring of protection from cold
MPRegen  0.10/turn              (no ring)

@: no status effects
A: icy blue scales 2, cold resistance 1, demonic guardian 1
a: Renounce Religion


You were on level 4 of the Dungeon.
You worshipped Qazlal.
Qazlal was aware of your devotion.
You were not hungry.

You visited 1 branch of the dungeon, and saw 4 of its levels.

You collected 141 gold pieces.

Inventory:

Hand Weapons
 a - a +2 falchion (weapon)
 b - a +0 short sword
 d - a +0 blowgun
 r - a +0 hand crossbow of flaming
   (You found it on level 3 of the Dungeon)
 B - a +0 blowgun
Missiles
 c - 36 poisoned needles
 g - 2 curare-tipped needles
 m - 29 bolts
 Y - 139 stones (quivered)
Armour
 e - a +0 robe
 k - a +0 chain mail (worn)
 l - a +0 pair of boots (worn)
Magical Staves
 o - an uncursed staff of fire {unknown}
Jewellery
 h - a ring of protection from cold (left hand)
 j - an uncursed ring of wizardry
Scrolls
 u - a scroll of fear {!r}
 w - a scroll of fog {unknown}
Potions
 i - a potion of curing
 p - a potion of mutation {!q}
 s - a potion of flight
 t - a potion of heal wounds {unknown}
 x - a potion of might {unknown}
Comestibles
 f - 4 bread rations {!e}
 n - a royal jelly
 q - a meat ration {!e}
 v - 4 chunks of flesh


   Skills:
 - Level 2.0 Fighting
 * Level 6.3 Long Blades
 - Level 1.0 Crossbows
 - Level 1.7 Throwing
 + Level 4.2 Armour
 - Level 1.0 Stealth


You had 6 spell levels left.
You didn't know any spells.

Dungeon Overview and Level Annotations

Branches:
Dungeon (4/15)
 Temple: D:4-7

Altars:
Ashenzari
Qazlal

Annotations:
D:4 Sigmund


Innate Abilities, Weirdness & Mutations

You are mostly covered in icy blue scales. (AC +3)
Your flesh is cold resistant. (rC+)
A weak demonic guardian rushes to your aid.


Message History

You're too confused to move!
Your white imp hits Sigmund.
Your white imp freezes Sigmund.
You feel less confused.
Your white imp hits Sigmund but does no damage.
Sigmund casts a spell at you.
You are confused.
Your white imp hits Sigmund but does no damage.
You hit your white imp.
Your white imp is moderately wounded.
Sigmund says, "You will soon forget everything."
Sigmund hits you but does no damage.
Your white imp gestures at Sigmund.
The puff of frost hits Sigmund.
You miss your white imp.
Your white imp is moderately wounded.
Your white imp completely misses Sigmund.
You miss Sigmund.
Sigmund is moderately wounded.
Sigmund casts a spell at you. The magic dart hits you!
Your white imp misses Sigmund.
Damage: 6 (max 6)
You bump into the rock wall.
Sigmund zaps a wand.
The bolt of lightning hits you! x2
* * * LOW HITPOINT WARNING * * *
The bolt of lightning hits Sigmund.
It is a wand of lightning (?/15).
Your white imp gestures at Sigmund.
The puff of frost hits Sigmund.
Damage: 28 (max 28)
You bump into the rock wall.
You feel less confused.
Sigmund gestures at your white imp while chanting.
Your white imp resists with significant effort.
Your white imp gestures at Sigmund.
The puff of frost hits Sigmund.
Your chain mail prevents you from hitting Sigmund.
Sigmund is almost dead.
Sigmund barely misses you.
Your white imp barely misses Sigmund.
Unknown command.
You barely miss Sigmund.
Sigmund is almost dead.
Sigmund barely misses you.
Your white imp barely misses Sigmund.
Unknown command.
You closely miss Sigmund.
Sigmund is almost dead.
Your white imp hits Sigmund but does no damage.
You closely miss Sigmund.
Sigmund is almost dead.
Sigmund zaps a wand.
The bolt of lightning misses you. The bolt of lightning hits you!
You die...

..#....## #. ######.#.## .#
..#...## #. #...# . #.#..##
##. #######..## #'#### #.>
#........# #...#.... ##..
#.....#.## #._.#########...
#.....#.###
#...#...........###.........#
#####..........5@§.....##.#...
..#.##.......###@......#..##..
..#..##......#>..##....#.## ..
..#...##...#.#.####....#.# ..
..#....##......## #####..#
÷.#.....##......# #..##
..#......###..#.######.##
.......###...##....##..#
##.##....)...[.###....#####
......<..#..##.####.........


You could see Sigmund and a friendly white imp.

Vanquished Creatures
  The ghost of taran the Insei, a novice GnTm of Cheibriados (D:4)
  Duvessa (D:4)
  Dowan (D:4)
  2 orc priests (D:3)
  An iguana (D:4)
  3 adders
  2 oozes
  4 worms
  A dart slug (D:3)
  3 leopard geckos
  13 orcs
  5 bats
  3 giant cockroaches
  9 goblins
  4 hobgoblins
  4 jackals
  A quokka (D:2)
  4 frilled lizards
  3 kobolds
  6 rats
71 creatures vanquished.

Vanquished Creatures (collateral kills)
  2 orc priests (D:3)
  2 orc wizards
  Natasha (D:4)
  2 orcs (D:4)
  A hobgoblin (D:3)
8 creatures vanquished.

Grand Total: 79 creatures vanquished

Notes
Turn   | Place    | Note
-------+----------+-------------------------------------------
     0 | D:1      | Gorice the Demonspawn Wanderer began the quest for the Orb.
     0 | D:1      | Gorice set off with: a +2 falchion, a +0 short sword, 11 poisoned needles, a +0 blowgun, a +0 robe, a bread ration {!e}
     0 | D:1      | Reached XP level 1. HP: 16/16 MP: 1/1
   217 | D:1      | Reached skill level 2 in Long Blades
   575 | D:1      | Gained mutation: You are partially covered in icy blue scales. (AC +2) [demonic ancestry]
   575 | D:1      | Reached XP level 2. HP: 22/22 MP: 2/2
  1113 | D:1      | Reached skill level 3 in Long Blades
  1115 | D:1      | Gained mutation: You are mostly covered in icy blue scales. (AC +3) [demonic ancestry]
  1115 | D:1      | Reached XP level 3. HP: 16/27 MP: 3/3
  1290 | D:2      | Reached skill level 2 in Armour
  1682 | D:2      | Found a stormy altar of Qazlal.
  1694 | D:2      | Became a worshipper of Qazlal Stormbringer
  1931 | D:3      | Gained mutation: A weak demonic guardian rushes to your aid. [demonic ancestry]
  1931 | D:3      | Reached XP level 4. HP: 27/33 MP: 4/4
  2375 | D:3      | HP: 7/33 [orc priest/hand axe (3)]
  2377 | D:3      | Reached skill level 4 in Long Blades
  3220 | D:3      | HP: 8/33 [orc wizard/puff of flame (3)]
  3723 | D:3      | Reached XP level 5. HP: 31/38 MP: 5/5
  3785 | D:3      | Reached skill level 3 in Armour
  4074 | D:3      | Reached * piety under Qazlal
  4132 | D:4      | Noticed Sigmund
  4135 | D:4      | Noticed Duvessa
  4147 | D:4      | Noticed Dowan
  4158 | D:4      | Noticed taran's ghost (novice GnTm)
  4159 | D:4      | Killed Duvessa
  4159 | D:4      | Reached skill level 5 in Long Blades
  4159 | D:4      | Reached XP level 6. HP: 40/44 MP: 6/6
  4310 | D:4      | Found a shattered altar of Ashenzari.
  4580 | D:4      | Noticed Natasha
  4589 | D:4      | Killed Natasha
  4598 | D:4      | Killed Dowan
  4602 | D:4      | Killed taran's ghost
  4602 | D:4      | Reached skill level 6 in Long Blades
  4602 | D:4      | Reached skill level 4 in Armour
  4602 | D:4      | Gained mutation: Your flesh is cold resistant. (rC+) [demonic ancestry]
  4602 | D:4      | Reached XP level 7. HP: 46/50 MP: 7/7
  4689 | D:4      | Killed from afar by Sigmund

Vault maps used:
D:1:      nzn_arrival_water_spiral
D:2:      first_bread, grunt_qazlal_sundering
D:4:      nicolae_ashenzari_panopticon, uniq_duvessa, uniq_natasha,
          uniq_sigmund, uniq_eustachio

Skill      XL: |  1  2  3  4  5  6 |
---------------+-------------------+-----
Long Blades    | 2 3 4 5 6 |  6.3
Armour         | 2 3 4 |  4.2
Fighting       | |  2.0
Crossbows      | |  1.0
Throwing       | |  1.7
Stealth        | |  1.0

Action                   |  1- 3 |  4- 6 |  7- 9 || total
-------------------------+-------+-------+-------++-------
Melee: Falchion          |    95 |   143 |     9 ||   247
Throw: Stone             |     9 |     4 |       ||    13
  Use: Scroll            |     3 |     4 |       ||     7
 Stab: Sleeping          |     1 |       |       ||     1
       Distracted        |       |     1 |       ||     1
  Eat: Chunk             |     3 |     8 |     1 ||    12
Armor: Robe              |    13 |       |       ||    13
       Chain mail        |    55 |   113 |     3 ||   171
Dodge: Dodged            |    43 |    37 |     4 ||    84
Block: Other             |       |     2 |       ||     2
       Rpst.: Falchion   |    14 |    12 |     1 ||    27

Table legend:
 A = Spawn XP
 B = Non-spawn XP
 C = Spawn XP percentage of total XP
 D = Spawn monster count
 E = Non-spawn monster count
 F = Spawn count percentage of total count
 G = Total turns spent on level
                    A         B        C        D         E        F      G
               +---------+---------+-------+---------+---------+-------+---------
         Total |       0 |     930 |   0.0 |       0 |      79 |   0.0 |  4689
               +---------+---------+-------+---------+---------+-------+---------
           D:1 |       0 |      42 |   0.0 |       0 |      18 |   0.0 |  1227
           D:2 |       0 |      71 |   0.0 |       0 |      20 |   0.0 |  2041
           D:3 |       0 |     235 |   0.0 |       0 |      29 |   0.0 |   972
           D:4 |       0 |     582 |   0.0 |       0 |      12 |   0.0 |   449
               +---------+---------+-------+---------+---------+-------+---------

Table legend:
 A = Turns spent in this place as a percentage of turns spent in the entire game.
 B = Non-inter-level travel turns spent in this place as a percentage of non-inter-level travel turns spent in the entire game.
 C = Inter-level travel turns spent in this place as a percentage of turns spent in this place.
 D = Turns resting spent in this place as a percentage of non-inter-level travel turns spent in this place.
 E = Turns spent auto-exploring this place as a percentage of non-inter-level travel turns spent in this place.
 F = Non-inter-level travel turns spent in this place divided by the number of levels of this place that you've seen.
                   A       B       C       D       E      F
               +-------+-------+-------+-------+-------+----------------------
         Total | 100.0 | 100.0 |   4.7 |  39.3 |  36.6 | 1117.2
       Dungeon | 100.0 | 100.0 |   4.7 |  39.3 |  36.6 | 1117.2
               +-------+-------+-------+-------+-------+----------------------

Vault maps used:
D:1:      nzn_arrival_water_spiral
D:2:      first_bread, grunt_qazlal_sundering
D:4:      nicolae_ashenzari_panopticon, uniq_duvessa, uniq_natasha,
          uniq_sigmund, uniq_eustachio
